| TOP OF THE 1ST |
|
Lakeland Pilots batting - Pitching for West Palm Beach Expos : LHP Salvador Villalovoz
|
|
Pitching: LHP Salvador Villalovoz
|
|
|
Batting: RHB Nick Capra
|
0-0: Ball 1-0: Ball 2-0: Called Strike 2-1: Ball 3-1: Foul Ball, location: 2F 3-2: Foul Ball, location: 2F 3-2: Base on Balls
|
|
Batting: RHB Dave C Anderson
|
0-0: Ball 1-0: Ball 2-0: Ball 3-0: Base on Balls Nick Capra to second
|
|
Batting: SHB Mike D Young
|
0-0: Ball 1-0: Swinging Strike 1-1: Ball 2-1: Ball 3-1: SINGLE (Flyball, 8RS, EV 96.3 MPH) Nick Capra to third Dave C Anderson to second
|
|
Batting: LHB Mike Laga
|
0-0: Ball 1-0: Ball 2-0: Ball 3-0: Called Strike 3-1: Called Strike 3-2: Fly out, F7 (Line Drive, 7, EV 103.1 MPH) Runner from 3rd tags up, SCORES, no throw by LF
|
|
Batting: RHB Joseph Scherger
|
0-0: Fly out, F7 (Flyball, 78S, EV 92.5 MPH)
|
|
Batting: LHB Randy S Johnson
|
0-0: Called Strike 0-1: 3-RUN HOME RUN (Flyball, 9LD, EV 90.6 MPH), Distance : 350 ft
|
|
Batting: RHB Rusty Tillman
|
0-0: Called Strike 0-1: SINGLE (Line Drive, 6D, EV 104.4 MPH)
|
|
Batting: RHB Juan Espino
|
0-0: Ball 1-0: SINGLE (Line Drive, 56D, EV 101.3 MPH) Rusty Tillman to second Runner from 2nd tries for 3rd, SAFE, no throw by LF
|
|
Batting: RHB Alex Sanchez
|
0-0: Called Strike 0-1: Ball 1-1: Fly out, F5 (Popup, 5S, EV 84.4 MPH)
|
| Top of the 1st over - 4 runs, 4 hits, 0 errors, 2 left on base; Lakeland 4 - West Palm Beach 0 |
| BOTTOM OF THE 1ST |
|
West Palm Beach Expos batting - Pitching for Lakeland Pilots : RHP Emilio Bejar
|
|
Pitching: RHP Emilio Bejar
|
|
|
Batting: RHB Roland Oruna
|
0-0: Ball 1-0: Called Strike 1-1: Foul Ball, location: 2F 1-2: Strikes out swinging
|
|
Batting: RHB Steve Kiefer
|
0-0: Ball 1-0: Ball 2-0: Ground out 5-3 (Groundball, 56S, EV 86.9 MPH)
|
|
Batting: SHB Terry Pendleton
|
0-0: Called Strike 0-1: Ball 1-1: Ball 2-1: Ball 3-1: Foul Ball, location: 2F 3-2: Base on Balls
|
|
Batting: SHB Mark Pirruccello
|
0-0: Ball Terry Pendleton steals 2nd base 1-0: Ball 2-0: Foul Ball, location: 2F 2-1: Foul Ball, location: 2F 2-2: Foul Ball, location: 2F 2-2: Ball 3-2: Hit by Pitch
|
|
Batting: RHB Don Berti
|
0-0: Ball Wild Pitch! Terry Pendleton to third Mark Pirruccello to second 1-0: Called Strike 1-1: Foul Ball, location: 2F 1-2: Foul Ball, location: 2F 1-2: Foul Ball, location: 2F 1-2: 3-RUN HOME RUN (Flyball, 7D, EV 85.6 MPH), Distance : 364 ft
|
|
Batting: LHB Jesus Alfes
|
0-0: Called Strike 0-1: Fly out, F4 (Popup, 3DF, EV 56.9 MPH)
|
| Bottom of the 1st over - 3 runs, 1 hit, 0 errors, 0 left on base; Lakeland 4 - West Palm Beach 3 |
| TOP OF THE 2ND |
|
Lakeland Pilots batting - Pitching for West Palm Beach Expos : LHP Salvador Villalovoz
|
|
Batting: RHB Nick Capra
|
0-0: Ball 1-0: Ball 2-0: Ball 3-0: Called Strike 3-1: Base on Balls
|
|
Batting: RHB Dave C Anderson
|
0-0: Ball 1-0: Called Strike Nick Capra steals 2nd base 1-1: Swinging Strike 1-2: SINGLE (Line Drive, 78S, EV 104.4 MPH) Nick Capra to third Runner from 3rd tries for Home, SAFE, throw by CF to home Dave C Anderson to second
|
|
Batting: SHB Mike D Young
|
0-0: Foul Ball, location: 2F 0-1: Ball 1-1: Ball 2-1: Called Strike 2-2: Fly out, F3 (Line Drive, 3, EV 73.1 MPH)
|
|
Batting: LHB Mike Laga
|
0-0: Called Strike Dave C Anderson steals 3rd, throwing error, E2 Dave C Anderson scores 0-1: DOUBLE (Line Drive, 89M, EV 111.3 MPH)
|
|
Pitching: RHP Larry Freeburg
|
|
|
Batting: RHB Joseph Scherger
|
0-0: Ball 1-0: Foul Ball, location: 2F 1-1: Swinging Strike 1-2: SINGLE (Line Drive, 4D, EV 95.6 MPH) Mike Laga to third
|
|
Batting: LHB Randy S Johnson
|
0-0: Called Strike 0-1: Ball 1-1: Ball 2-1: Ball 3-1: Base on Balls Joseph Scherger to second
|
|
Batting: RHB Rusty Tillman
|
0-0: Ball 1-0: Ball 2-0: Foul Ball, location: 2F 2-1: Ball 3-1: Grounds into double play, 6-4-3 (Groundball, 6, EV 101.3 MPH)
|
| Top of the 2nd over - 2 runs, 3 hits, 1 error, 2 left on base; Lakeland 6 - West Palm Beach 3 |
| BOTTOM OF THE 2ND |
|
West Palm Beach Expos batting - Pitching for Lakeland Pilots : RHP Emilio Bejar
|
|
Batting: LHB Keith Hughes
|
0-0: Called Strike 0-1: Ball 1-1: Swinging Strike 1-2: Ball 2-2: Strikes out swinging
|
|
Batting: RHB Matthew Gundelfinger
|
0-0: Foul Ball, location: 2F 0-1: Ball 1-1: Ball 2-1: Ball 3-1: Fly out, F7 (Flyball, 7D, EV 87.5 MPH)
|
|
Batting: RHB Humberto Cardenas
|
0-0: Ball 1-0: Called Strike 1-1: Swinging Strike 1-2: DOUBLE (Line Drive, 89D, EV 97.5 MPH)
|
|
Batting: RHB Roland Oruna
|
0-0: Ball 1-0: Ball 2-0: Ball 3-0: Swinging Strike 3-1: Called Strike 3-2: Ground out 4-3 (Groundball, 4, EV 107.5 MPH)
|
| Bottom of the 2nd over - 0 runs, 1 hit, 0 errors, 1 left on base; Lakeland 6 - West Palm Beach 3 |
| TOP OF THE 3RD |
|
Lakeland Pilots batting - Pitching for West Palm Beach Expos : RHP Larry Freeburg
|
|
Batting: RHB Juan Espino
|
0-0: Ball 1-0: Ball 2-0: Ball 3-0: Base on Balls
|
|
Batting: RHB Alex Sanchez
|
0-0: Ball 1-0: Fielders Choice at 2nd, 6-4 (Groundball, 6, EV 80.0 MPH)
|
|
Batting: RHB Nick Capra
|
0-0: Ball 1-0: Ball 2-0: Ball 3-0: Called Strike 3-1: Swinging Strike 3-2: Ground out U3 (Groundball, 34S, EV 84.4 MPH) Alex Sanchez to second
|
|
Batting: RHB Dave C Anderson
|
0-0: Called Strike 0-1: Called Strike 0-2: Ball 1-2: Ground out 5-3 (Groundball, 56, EV 96.3 MPH)
|
| Top of the 3rd over - 0 runs, 0 hits, 0 errors, 1 left on base; Lakeland 6 - West Palm Beach 3 |
| BOTTOM OF THE 3RD |
|
West Palm Beach Expos batting - Pitching for Lakeland Pilots : RHP Emilio Bejar
|
|
Batting: RHB Steve Kiefer
|
0-0: Bunt - Flyout to 3S! F3
|
|
Batting: SHB Terry Pendleton
|
0-0: Called Strike 0-1: Called Strike 0-2: Strikes out swinging
|
|
Batting: SHB Mark Pirruccello
|
0-0: Ball 1-0: Called Strike 1-1: Foul Ball, location: 2F 1-2: Foul Ball, location: 2F 1-2: Ground out 1-3 (Groundball, 13S, EV 66.9 MPH)
|
| Bottom of the 3rd over - 0 runs, 0 hits, 0 errors, 0 left on base; Lakeland 6 - West Palm Beach 3 |
| TOP OF THE 4TH |
|
Lakeland Pilots batting - Pitching for West Palm Beach Expos : RHP Larry Freeburg
|
|
Batting: SHB Mike D Young
|
0-0: Called Strike 0-1: Foul Ball, location: 2F 0-2: Ball 1-2: Strikes out swinging
|
|
Batting: LHB Mike Laga
|
0-0: Called Strike 0-1: Ball 1-1: Ground out 3-1 (Groundball, 34, EV 100.0 MPH)
|
|
Batting: RHB Joseph Scherger
|
0-0: Ball 1-0: Ball 2-0: Fly out, F9 (Line Drive, 9, EV 85.0 MPH)
|
| Top of the 4th over - 0 runs, 0 hits, 0 errors, 0 left on base; Lakeland 6 - West Palm Beach 3 |
| BOTTOM OF THE 4TH |
|
West Palm Beach Expos batting - Pitching for Lakeland Pilots : RHP Emilio Bejar
|
|
Batting: RHB Don Berti
|
0-0: Ball 1-0: Swinging Strike 1-1: Ball 2-1: Fly out, F6 (Line Drive, 6, EV 60.0 MPH)
|
|
Batting: LHB Jesus Alfes
|
0-0: Fly out, F9 (Flyball, 9S, EV 81.9 MPH)
|
|
Batting: LHB Keith Hughes
|
0-0: Called Strike 0-1: Swinging Strike 0-2: Ball 1-2: Ball 2-2: Strikes out looking
|
| Bottom of the 4th over - 0 runs, 0 hits, 0 errors, 0 left on base; Lakeland 6 - West Palm Beach 3 |
| TOP OF THE 5TH |
|
Lakeland Pilots batting - Pitching for West Palm Beach Expos : RHP Larry Freeburg
|
|
Batting: LHB Randy S Johnson
|
0-0: Ball 1-0: Called Strike 1-1: Called Strike 1-2: SINGLE (Line Drive, 8LS, EV 86.9 MPH)
|
|
Pitching: LHP Marion Thackston
|
|
|
Batting: RHB Rusty Tillman
|
0-0: Ball 1-0: Swinging Strike 1-1: Swinging Strike 1-2: Ball 2-2: Foul Ball, location: 2F 2-2: Ball 3-2: Strikes out swinging
|
|
Batting: RHB Juan Espino
|
0-0: Ball Wild Pitch! Randy S Johnson to second 1-0: Ball 2-0: Ground out 4-3 (Groundball, 34, EV 87.5 MPH) Randy S Johnson to third
|
|
Batting: RHB Alex Sanchez
|
0-0: Ball 1-0: Called Strike 1-1: Called Strike 1-2: Ball 2-2: Fly out, F9 (Line Drive, 9, EV 88.1 MPH)
|
| Top of the 5th over - 0 runs, 1 hit, 0 errors, 1 left on base; Lakeland 6 - West Palm Beach 3 |
| BOTTOM OF THE 5TH |
|
West Palm Beach Expos batting - Pitching for Lakeland Pilots : RHP Emilio Bejar
|
|
Batting: RHB Matthew Gundelfinger
|
0-0: Called Strike 0-1: Swinging Strike 0-2: Foul Ball, location: 2F 0-2: Strikes out swinging
|
|
Batting: RHB Humberto Cardenas
|
0-0: Called Strike 0-1: Foul Ball, location: 2F 0-2: Foul Ball, location: 2F 0-2: Strikes out swinging
|
|
Batting: RHB Roland Oruna
|
0-0: Ball 1-0: Ball 2-0: Ball 3-0: Called Strike 3-1: Fly out, F6 (Popup, 6, EV 75.6 MPH)
|
| Bottom of the 5th over - 0 runs, 0 hits, 0 errors, 0 left on base; Lakeland 6 - West Palm Beach 3 |
| TOP OF THE 6TH |
|
Lakeland Pilots batting - Pitching for West Palm Beach Expos : LHP Marion Thackston
|
|
Batting: RHB Nick Capra
|
0-0: Ball 1-0: Foul Ball, location: 2F 1-1: Ball 2-1: Fly out, F8 (Line Drive, 8LM, EV 95.0 MPH)
|
|
Batting: RHB Dave C Anderson
|
0-0: Swinging Strike 0-1: Ball 1-1: Ball 2-1: Called Strike 2-2: Fly out, F6 (Popup, 6D, EV 45.6 MPH)
|
|
Batting: SHB Mike D Young
|
0-0: Called Strike 0-1: Foul Ball, location: 2F 0-2: Ball 1-2: Ball 2-2: Strikes out swinging
|
| Top of the 6th over - 0 runs, 0 hits, 0 errors, 0 left on base; Lakeland 6 - West Palm Beach 3 |
| BOTTOM OF THE 6TH |
|
West Palm Beach Expos batting - Pitching for Lakeland Pilots : RHP Emilio Bejar
|
|
Batting: RHB Steve Kiefer
|
0-0: Foul Ball, location: 2F 0-1: Called Strike 0-2: Ball 1-2: Ball 2-2: Strikes out swinging
|
|
Batting: SHB Terry Pendleton
|
0-0: Swinging Strike 0-1: Swinging Strike 0-2: Ball 1-2: Strikes out swinging
|
|
Batting: SHB Mark Pirruccello
|
0-0: Ball 1-0: Ball 2-0: Called Strike 2-1: Ball 3-1: SOLO HOME RUN (Flyball, 9D, EV 98.8 MPH), Distance : 385 ft
|
|
Batting: RHB Don Berti
|
0-0: Ball 1-0: Ground out 4-3 (Groundball, 4, EV 98.8 MPH)
|
| Bottom of the 6th over - 1 run, 1 hit, 0 errors, 0 left on base; Lakeland 6 - West Palm Beach 4 |
| TOP OF THE 7TH |
|
Lakeland Pilots batting - Pitching for West Palm Beach Expos : LHP Marion Thackston
|
|
Batting: LHB Mike Laga
|
0-0: Called Strike 0-1: Ball 1-1: Fly out, F9 (Flyball, 9D, EV 88.1 MPH)
|
|
Batting: RHB Joseph Scherger
|
0-0: Ball 1-0: Called Strike 1-1: Fly out, F8 (Flyball, 89D, EV 88.1 MPH)
|
|
Batting: LHB Randy S Johnson
|
0-0: Ball 1-0: Ball 2-0: Ball 3-0: Base on Balls
|
|
Pitching: RHP Michael Vint
|
|
|
Batting: RHB Rusty Tillman
|
0-0: Ball 1-0: Ball 2-0: Ball 3-0: Called Strike 3-1: Fielders Choice at 2nd, 6-4 (Groundball, 6, EV 104.4 MPH)
|
| Top of the 7th over - 0 runs, 0 hits, 0 errors, 1 left on base; Lakeland 6 - West Palm Beach 4 |
| BOTTOM OF THE 7TH |
|
West Palm Beach Expos batting - Pitching for Lakeland Pilots : RHP Emilio Bejar
|
|
Batting: LHB Jesus Alfes
|
0-0: Ball 1-0: Swinging Strike 1-1: Ball 2-1: Called Strike 2-2: Foul Ball, location: 2F 2-2: Foul Ball, location: 2F 2-2: Ground out 5-3 (Groundball, 25, EV 85.6 MPH)
|
|
Batting: LHB Keith Hughes
|
0-0: Ball 1-0: Ball 2-0: Foul Ball, location: 2F 2-1: Ball 3-1: SINGLE (Flyball, 4MD, EV 93.1 MPH)
|
|
Batting: RHB Matthew Gundelfinger
|
0-0: Called Strike 0-1: Ball 1-1: Ball 2-1: Foul Ball, location: 2F 2-2: Fielders Choice at 2nd, 5-4 (Groundball, 56, EV 87.5 MPH)
|
|
Batting: RHB Humberto Cardenas
|
0-0: Called Strike 0-1: Ball 1-1: Foul Ball, location: 2F 1-2: Ball 2-2: Strikes out swinging
|
| Bottom of the 7th over - 0 runs, 1 hit, 0 errors, 1 left on base; Lakeland 6 - West Palm Beach 4 |
| TOP OF THE 8TH |
|
Lakeland Pilots batting - Pitching for West Palm Beach Expos : RHP Michael Vint
|
|
Batting: RHB Juan Espino
|
0-0: Called Strike 0-1: SINGLE (Flyball, 78S, EV 83.1 MPH)
|
|
Batting: RHB Alex Sanchez
|
0-0: Bunt missed! 0-1: Bunt missed! 0-2: Ball 1-2: Foul Ball, location: 2F 1-2: Ball 2-2: Ball 3-2: Foul Ball, location: 2F 3-2: SINGLE (Groundball, 5D, EV 101.3 MPH) Juan Espino to second
|
|
Batting: RHB Nick Capra
|
0-0: Foul Ball, location: 2F 0-1: Foul Ball, location: 2F 0-2: Ball 1-2: Foul Ball, location: 2F 1-2: Fielders Choice at 2nd, 3-6 (Groundball, 13, EV 86.9 MPH) Juan Espino to third
|
|
Batting: RHB Dave C Anderson
|
0-0: Ball 1-0: Ball 2-0: Ball 3-0: Called Strike 3-1: Base on Balls Nick Capra to second
|
|
Batting: SHB Mike D Young
|
0-0: SINGLE (Groundball, 34D, EV 97.5 MPH) Juan Espino scores Nick Capra to third Dave C Anderson to second Runner from 3rd tries for Home, SAFE, throw by RF to home
|
|
Batting: LHB Mike Laga
|
0-0: Ball 1-0: Foul Ball, location: 2F 1-1: Ball 2-1: Ball 3-1: Foul Ball, location: 2F 3-2: Foul Ball, location: 2F 3-2: Base on Balls Dave C Anderson to third Mike D Young to second
|
|
Batting: RHB Joseph Scherger
|
0-0: Fly out, F9 (Flyball, 9S, EV 91.3 MPH) Runner from 3rd tags up, SCORES, throw by RF Mike D Young to third
|
|
Batting: LHB Randy S Johnson
|
0-0: Ball 1-0: SINGLE (Groundball, 4MD, EV 97.5 MPH) Mike D Young scores Mike Laga to second
|
|
Batting: RHB Rusty Tillman
|
0-0: DOUBLE (Groundball, 3L, EV 106.3 MPH) Mike Laga scores Randy S Johnson to third
|
|
Batting: RHB Juan Espino
|
0-0: Swinging Strike 0-1: Foul Ball, location: 2F 0-2: Ball 1-2: Ball 2-2: Ball 3-2: Base on Balls
|
|
Batting: RHB Alex Sanchez
|
0-0: Swinging Strike 0-1: Ball 1-1: Ball 2-1: DOUBLE (Line Drive, 7LS, EV 100.6 MPH) Randy S Johnson scores Rusty Tillman scores Juan Espino to third Runner from 3rd tries for Home, SAFE, throw by LF to home
|
|
Pinch Hitting: RHB Victor Saenz
|
0-0: Ground out 6-3 (Groundball, 6, EV 82.5 MPH)
|
| Top of the 8th over - 8 runs, 6 hits, 0 errors, 1 left on base; Lakeland 14 - West Palm Beach 4 |
| BOTTOM OF THE 8TH |
|
West Palm Beach Expos batting - Pitching for Lakeland Pilots : RHP Emilio Bejar
|
|
Now at 3B: Alphonso Eiland
|
|
|
Batting: RHB Roland Oruna
|
0-0: Foul Ball, location: 2F 0-1: Swinging Strike 0-2: DOUBLE (Line Drive, 9LS, EV 91.9 MPH)
|
|
Pinch Hitting: RHB Melvin Freeman
|
0-0: Ball 1-0: SINGLE (Line Drive, 9LM, EV 102.5 MPH) Roland Oruna to third
|
|
Batting: SHB Terry Pendleton
|
0-0: Fielders Choice at 2nd, 6-4 (Groundball, 6, EV 91.3 MPH) Roland Oruna scores
|
|
Batting: SHB Mark Pirruccello
|
0-0: Called Strike 0-1: Swinging Strike 0-2: Ball 1-2: Ball 2-2: Strikes out swinging
|
|
Batting: RHB Don Berti
|
0-0: Swinging Strike 0-1: SINGLE (Groundball, 6MD, EV 105.6 MPH) Terry Pendleton to second
|
|
Pinch Hitting: RHB Bob Volk
|
0-0: Ball 1-0: Foul Ball, location: 2F 1-1: Swinging Strike 1-2: Ball 2-2: Foul Ball, location: 2F 2-2: Foul Ball, location: 2F 2-2: Ball 3-2: Foul Ball, location: 2F 3-2: Base on Balls Terry Pendleton to third Don Berti to second
|
|
Batting: LHB Keith Hughes
|
0-0: Ball 1-0: Fly out, F2 (Popup, 3SF, EV 75.0 MPH)
|
| Bottom of the 8th over - 1 run, 3 hits, 0 errors, 3 left on base; Lakeland 14 - West Palm Beach 5 |
| TOP OF THE 9TH |
|
Lakeland Pilots batting - Pitching for West Palm Beach Expos : RHP Michael Vint
|
|
Pitching: RHP Bob L Gibson
|
|
|
Now at 1B: Robert Palmer
|
|
|
Now at 3B: Melvin Freeman
|
|
|
Batting: RHB Dave C Anderson
|
0-0: DOUBLE (Groundball, 5L, EV 98.8 MPH)
|
|
Pinch Hitting: LHB Dave Hudgens
|
0-0: Called Strike 0-1: Ball 1-1: Foul Ball, location: 2F 1-2: SINGLE (Line Drive, 9S, EV 106.3 MPH) Dave C Anderson to third Runner from 3rd tries for Home, throw by RF and OUT! 9-2
|
|
Batting: LHB Mike Laga
|
0-0: Fly out, F5 (Popup, 56S, EV 84.4 MPH)
|
|
Batting: RHB Joseph Scherger
|
0-0: Ball 1-0: Ball 2-0: Foul Ball, location: 2F 2-1: Foul Ball, location: 2F 2-2: Foul Ball, location: 2F 2-2: Ball 3-2: 2-RUN HOME RUN (Flyball, 78XD, EV 110.0 MPH), Distance : 418 ft
|
|
Batting: LHB Randy S Johnson
|
0-0: Ball 1-0: Called Strike 1-1: Ball 2-1: Swinging Strike 2-2: Foul Ball, location: 2F 2-2: Strikes out swinging
|
| Top of the 9th over - 2 runs, 3 hits, 0 errors, 0 left on base; Lakeland 16 - West Palm Beach 5 |
| BOTTOM OF THE 9TH |
|
West Palm Beach Expos batting - Pitching for Lakeland Pilots : RHP Emilio Bejar
|
|
Now in LF: Dave Hudgens
|
|
|
Batting: RHB Matthew Gundelfinger
|
0-0: Foul Ball, location: 2F 0-1: Swinging Strike 0-2: Strikes out swinging
|
|
Batting: RHB Humberto Cardenas
|
0-0: Ball 1-0: Called Strike 1-1: Ball 2-1: Ball 3-1: Foul Ball, location: 2F 3-2: Foul Ball, location: 2F 3-2: Foul Ball, location: 2F 3-2: Base on Balls
|
|
Pitching: RHP Julio Acevedo
|
|
|
Batting: RHB Roland Oruna
|
0-0: Called Strike 0-1: Called Strike 0-2: Ball 1-2: Ball 2-2: Foul Ball, location: 2F 2-2: Strikes out swinging
|
|
Batting: RHB Melvin Freeman
|
0-0: Called Strike 0-1: Ball 1-1: SINGLE (Line Drive, 89M, EV 103.8 MPH) Humberto Cardenas to second
|
|
Batting: SHB Terry Pendleton
|
0-0: Called Strike 0-1: Called Strike 0-2: Ball 1-2: Ground out 5-3 (Groundball, 56, EV 108.8 MPH)
|
| Bottom of the 9th over - 0 runs, 1 hit, 0 errors, 2 left on base; Lakeland 16 - West Palm Beach 5 |
|